Map: Odyssey LE

Players

HolyHit - Winner!

  • Race: Protoss Protoss
  • Spawn Location: 11:00

Sluskis

  • Race: Zerg Zerg
  • Spawn Location: 5:00

Event: WCS Jonkoping 2017

VOD

Have the link to the VOD?

Description

Time

  • Played on: June 17, 2017, 8:03 a.m.
  • Length: 13:45

All games in this series

Show
View Real Time Build Order
Export as new Build Order

HolyHit Protoss - Winner!

Build Orders: 1 Gate Expand, Oracle Opening, Zealot Archon 

Get SALT Encoding   

  12  0:01  Probe (Chrono Boost)  
  13  0:12  Probe (Chrono Boost)  
  14  0:19  Pylon  
  14  0:22  Probe (Chrono Boost)  
  15  0:37  Probe (Chrono Boost)  
  15  0:38  Gateway  
  16  0:43  Assimilator  
  16  0:48  Probe (Chrono Boost)  
  17  0:58  Probe (Chrono Boost)  
  18  1:09  Probe (Chrono Boost)  
  19  1:19  Probe (Chrono Boost)  
  20  1:26  Nexus  
  20  1:30  Probe (Chrono Boost)  
  21  1:41  Cybernetics Core  
  21  1:44  Probe (Chrono Boost)  
  22  1:51  Pylon  
  22  1:55  Probe (Chrono Boost)  
  22  2:00  Assimilator  
  23  2:09  Probe (Chrono Boost)  
  23  2:10  Zealot (Chrono Boost)  
  26  2:17  Warp Gate  
  26  2:22  Stargate  
  26  2:23  Probe  
  27  2:35  Probe  
  28  2:39  Stalker (Chrono Boost)  
  28  2:41  Probe  
  31  2:48  Probe  
  32  2:51  Probe  
  32  2:55  Gateway  
  33  3:00  Probe  
  33  3:06  Oracle (Chrono Boost)  
  33  3:07  Probe  
  33  3:12  Probe  
  38  3:16  Mothership Core  
  40  3:24  Pylon  
  40  3:25  Probe  
  41  3:32  Zealot  
  43  3:36  Probe  
  43  3:37  Probe  
  45  3:46  Oracle (Chrono Boost)  
  45  3:47  Probe  
  49  3:50  Probe  
  49  3:55  Pylon, Assimilator  
  50  3:57  Probe, Assimilator  
  50  4:02  Probe  
  52  4:08  Probe  
  53  4:14  Probe, Pylon  
  54  4:18  Probe, Void Ray (Chrono Boost)  
  59  4:26  Probe  
  60  4:32  Zealot  
  60  4:33  Probe  
  63  4:41  Probe  
  63  4:42  Gateway, Twilight Council  
  63  4:43  Probe  
  65  4:51  Zealot  
  65  4:56  Zealot  
  65  4:57  Probe  
  65  5:01  Pylon  
  62  5:14  Oracle (Chrono Boost)  
  54  5:22  Pylon  
  54  5:25  Probe x2  
  54  5:26  Zealot  
  57  5:36  Charge, Probe  
  57  5:37  Probe  
  59  5:46  Probe  
  59  5:49  Probe  
  61  5:53  Nexus  
  61  5:57  Probe, Pylon  
  61  5:59  Zealot x2  
  61  6:01  Probe  
  67  6:07  Probe  
  66  6:13  Zealot, Probe  
  66  6:18  Probe  
  65  6:22  Zealot x2  
  70  6:27  Probe  
  70  6:28  Probe  
  72  6:32  Templar Archives  
  72  6:33  Gateway  
  72  6:39  Probe x2  
  73  6:43  Pylon  
  74  6:47  Gateway  
  74  6:48  Gateway  
  74  6:53  Probe  
  74  6:54  Probe  
  74  6:57  Zealot  
  77  7:03  Probe  
  77  7:04  Probe  
  77  7:05  Gateway  
  77  7:06  Probe  
  80  7:14  Probe  
  80  7:15  Pylon  
  80  7:17  Robotics Facility  
  80  7:18  Forge  
  80  7:20  Psionic Storm  
  81  7:23  Probe x2  
  81  7:27  Probe  
  84  7:43  High Templar x4  
  92  7:44  Probe  
  92  7:49  Archon  
  92  7:50  Archon  
  90  7:54  Probe  
  91  7:59  Probe  
  91  8:00  Probe  
  91  8:04  Probe, Protoss Ground Weapons Level 1  
  91  8:08  Assimilator  
  91  8:10  Assimilator  
  91  8:11  Probe  
  93  8:13  Probe  
  93  8:15  Photon Cannon  
  93  8:16  High Templar x3  
  93  8:17  High Templar  
  102  8:21  Archon x2  
  102  8:25  Zealot x3  
  102  8:26  Immortal (Chrono Boost)  
  106  8:31  Probe  
  107  8:34  Photon Cannon  
  107  8:38  Photon Cannon, Pylon  
  107  8:40  Pylon  
  107  8:43  Pylon  
  107  8:46  High Templar  
  107  8:48  Pylon  
  109  8:57  Photon Cannon  
  109  9:00  Zealot x4  
  109  9:01  Zealot  
  118  9:14  Nexus  
  118  9:16  High Templar  
  120  9:25  Zealot, High Templar  
  120  9:26  High Templar  
  126  9:36  Pylon  
  126  9:43  Pylon  
  126  9:53  Nexus  
  126  9:54  Warp Prism (Chrono Boost)  
  126  9:58  Zealot x2  
  132  10:07  Photon Cannon, Protoss Ground Weapons Level 2  
  132  10:11  Pylon  
  114  10:25  High Templar x2  
  104  10:30  Archon  
  104  10:32  Zealot x3  
  110  10:38  Photon Cannon  
  110  10:40  Pylon  
  114  10:43  Immortal (Chrono Boost)  
  114  10:53  High Templar x3  
  114  10:54  High Templar  
  114  10:56  Zealot  
  124  11:00  Archon x2  
  124  11:02  Zealot x2  
  128  11:08  Probe x2  
  130  11:12  Photon Cannon  
  130  11:14  Dark Shrine  
  130  11:22  Zealot x2  
  130  11:23  Zealot  
  130  11:25  Zealot x2  
  140  11:27  High Templar x2  
  140  11:30  Archon x2  
  144  11:43  Zealot x3  
  144  11:46  High Templar x2  
  149  11:48  Assimilator  
  149  11:51  Probe x2  
  149  11:52  Assimilator  
  149  11:53  Probe  
  150  12:03  Zealot x2  
  150  12:04  Zealot x3  
  150  12:06  Probe x2  
  150  12:08  Probe  
  147  12:28  Zealot x7  
  159  12:32  Probe  
  159  12:33  Probe x2, Immortal (Chrono Boost)  
  162  12:58  Zealot x5  
  160  13:03  Zealot x2  
  141  13:35  Dark Templar x3  
Show
View Real Time Build Order
Export as new Build Order

Sluskis Zerg 

Build Orders: Hatch First 

Get SALT Encoding   

  12  0:02  Drone  
  13  0:13  Overlord  
  13  0:20  Drone  
  14  0:32  Drone  
  14  0:33  Drone  
  17  0:35  Drone  
  17  0:54  Hatchery  
  16  0:57  Drone  
  16  0:59  Drone  
  18  1:10  Extractor  
  17  1:14  Spawning Pool  
  17  1:16  Drone  
  17  1:19  Drone  
  18  1:29  Drone  
  20  1:40  Drone  
  20  1:47  Evolution Chamber  
  20  1:51  Overlord  
  19  2:01  Queen, Zergling x2  
  21  2:06  Queen  
  24  2:13  Zerg Melee Weapons Level 1  
  24  2:16  Drone x2  
  26  2:28  Drone x2  
  28  2:38  Drone  
  28  2:39  Drone x2  
  31  2:51  Metabolic Boost  
  31  2:57  Hatchery  
  30  3:00  Drone x2  
  32  3:14  Overlord  
  32  3:16  Drone x2  
  32  3:18  Drone x2  
  36  3:24  Pneumatized Carapace  
  36  3:33  Overlord x3  
  36  3:54  Zergling x14  
  36  3:55  Zergling x2  
  44  4:10  Zergling x6  
  44  4:11  Zergling x4  
  49  4:17  Zergling x4  
  49  4:20  Spore Crawler  
  49  4:22  Spore Crawler  
  49  4:24  Zergling x6  
  49  4:25  Zergling x2  
  53  4:33  Zergling x10  
  53  4:37  Baneling Nest  
  36  5:21  Zergling x2  
  36  5:22  Zergling x14  
  36  5:23  Zergling x8  
  48  5:29  Queen  
  47  5:49  Drone x3  
  52  5:50  Drone x3  
  52  5:51  Lair  
  52  5:53  Extractor  
  52  6:08  Spore Crawler  
  52  6:10  Drone x3  
  52  6:11  Drone x7  
  59  6:39  Drone x2  
  59  6:40  Drone x3  
  59  6:41  Drone x3  
  59  6:43  Zerg Missile Weapons Level 1  
  59  6:45  Extractor  
  64  6:50  Drone  
  65  6:57  Overlord x3  
  65  6:58  Overlord  
  65  7:11  Overlord x4  
  65  7:13  Hydralisk Den  
  65  7:14  Queen x2  
  68  7:21  Overlord  
  68  7:22  Zergling x8  
  72  7:23  Zergling x2  
  73  7:30  Hatchery  
  61  7:52  Hydralisk x3  
  61  7:53  Hydralisk x7  
  61  7:56  Extractor  
  74  8:07  Drone x3  
  74  8:08  Drone x3  
  74  8:10  Hydralisk x2  
  74  8:11  Zergling x4  
  74  8:12  Zergling x4  
  85  8:13  Queen  
  87  8:26  Muscular Augments  
  87  8:29  Drone x4  
  87  8:30  Extractor, Drone  
  91  8:38  Hydralisk x2, Zergling x2  
  91  8:39  Zergling x8  
  100  8:44  Hatchery  
  99  9:09  Zergling x10  
  103  9:10  Zergling x18  
  103  9:12  Baneling x3  
  103  9:13  Baneling x7  
  108  9:18  Queen  
  108  9:22  Baneling x6  
  108  9:23  Baneling  
  110  9:24  Zergling x4  
  110  9:25  Zergling x4  
  110  9:31  Hydralisk, Zergling x2  
  114  9:33  Overlord x2  
  117  9:43  Hydralisk x2, Zergling x2  
  117  9:44  Zergling x2  
  123  9:48  Baneling  
  123  9:49  Baneling x5  
  123  9:57  Hydralisk x4, Zergling x4  
  123  9:58  Zergling x6  
  122  10:07  Zergling x14  
  122  10:10  Drone  
  110  10:25  Zergling x18  
  110  10:26  Zergling x2  
  110  10:28  Baneling x2  
  112  10:29  Baneling x4  
  112  10:30  Baneling  
  112  10:36  Zergling x6  
  115  10:49  Zergling x10  
  121  10:50  Zergling x4  
  121  11:10  Drone x3  
  121  11:11  Drone x3  
  127  11:13  Drone x3  
  127  11:14  Hydralisk x5  
  127  11:15  Hydralisk  
  142  11:19  Lurker Den  
  139  12:00  Hydralisk x4  
  139  12:01  Zergling x8  
  148  12:05  Overseer  
  149  12:14  Lair  
  131  12:25  Baneling x5  
  131  12:26  Baneling  
  127  12:43  Baneling  
  127  12:44  Hatchery, Baneling x4  
  127  12:45  Hydralisk, Zergling x6  
  127  12:46  Zergling x2  
  127  12:47  Overlord x4  
  130  12:55  Hatchery  
  100  13:14  Zergling x2  
  100  13:15  Zergling x4  
Tags
 
Add a new tag
Caveats
  • Supply blocks, unpowered buildings, or Contaminate may cause inaccurate times.
  • Supply counts are checked every 10 seconds.